 Dungeon Sprint DCSS version 0.23-a0-208-gb6b040f (webtiles) character file.

46 Felrender the Skirmisher (level 3, -6/33 HPs)
             Began as a Demonspawn Berserker on Sept 24, 2018.
             Was a Priest of Trog.
             Mangled by a phantom (10 damage)
             ... in the Dungeon (Sprint IX: "|||||||||||||||||||||||||||||").
             The game lasted 00:00:28 (325 turns).

Felrender the Skirmisher (Demonspawn Berserker)      Turns: 325, Time: 00:00:29

Health: -6/33      AC:  4    Str: 18    XL:     3   Next: 44%
Magic:  3/3        EV: 13    Int:  8    God:    Trog [***...]
Gold:   0          SH:  0    Dex: 12    Spells: 2/2 levels left

rFire    . . .     SeeInvis .   a - +0 hand axe
rCold    + . .     Gourm    .   (no shield)
rNeg     . . .     Faith    .   b - +0 animal skin
rPois    .         Spirit   .   (no helmet)
rElec    .         Reflect  .   (no cloak)
rCorr    .         Harm     .   (no gloves)
MR       .....     NoTele   +   (no boots)
Stlth    +.........             (no amulet)
HPRegen  0.11/turn              (no ring)
MPRegen  0.08/turn              (no ring)

@: berserk cooldown, slowed, very slow
A: icy blue scales 1, cold resistance 1
a: Berserk, Trog's Hand, Renounce Religion


You were in the Dungeon.
You worshipped Trog.
Trog was most pleased with you.
You were not hungry.

You visited 1 branch

Inventory:

Hand Weapons
 a - a +0 hand axe (weapon)
Armour
 b - a +0 animal skin (worn)
Scrolls
 i - a scroll of blinking
Potions
 d - a potion of curing
 e - a potion of heal wounds
 f - a potion of haste
 g - 2 potions of magic
 h - a potion of berserk rage
Comestibles
 c - a ration


   Skills:
 + Level 5.0 Fighting
 + Level 4.9 Axes
 * Level 2.5 Armour
 + Level 2.7 Dodging
 + Level 0.3 Stealth


You had 2 spell levels left.
You didn't know any spells.
Your spell library was empty.

Dungeon Overview and Level Annotations

Branches:
Dungeon (1/1)

Altars:


Innate Abilities, Weirdness & Mutations

You are partially covered in icy blue scales. (AC +2)
Your flesh is cold resistant. (rC+)


Message History

Your Fighting skill increases to level 5!
The bat zombie closely misses you.
You hit the bat zombie.
The bat zombie is severely damaged.
The bat zombie misses you. The bat zombie closely misses you.
You slash the bat zombie!
You destroy the bat zombie!
Trog accepts your kill.
You slash the phantom!
The phantom is severely damaged.
You are no longer berserk.
You are exhausted.
You feel yourself slow down. The phantom hits you.
* * * LOW HITPOINT WARNING * * *
The phantom blinks!
Unknown command.
You hit the phantom.
The phantom is severely damaged.
The phantom completely misses you. The phantom hits you!
You die...

▓+▓
▓.▓
▓.▓
▓.▓
▓.▓
▓.▓
▓W▓
▓@▓
▓.▓
▓.▓
▓.▓
▓.▓
▓'▓
▓.▓
▓.▓
▓.▓


You could see a phantom.

Vanquished Creatures
  A hound (D)
  2 oozes (D)
  A worm (D)
  A bat (D)
  A bat zombie (D)
  A giant cockroach (D)
  2 frilled lizards (D)
9 creatures vanquished.

Vanquished Creatures (others)
  A spatial maelstrom (D)
1 creature vanquished.

Grand Total: 10 creatures vanquished

Notes
Turn   | Place    | Note
-------+----------+-------------------------------------------
     0 | D        | Felrender the Demonspawn Berserker began the quest for the
                  | Orb.
     0 | D        | Reached XP level 1. HP: 18/18 MP: 1/1
    10 | D        | Banished a spatial maelstrom
    14 | D        | Reached ** piety under Trog
    17 | D        | Reached skill level 4 in Fighting
    17 | D        | Gained mutation: You are partially covered in icy blue
                  | scales. (AC +2) [demonic ancestry]
    17 | D        | Reached XP level 2. HP: 13/25 MP: 2/2
   301 | D        | Noticed a phantom
   314 | D        | Reached *** piety under Trog
   314 | D        | Gained mutation: Your flesh is cold resistant. (rC+)
                  | [demonic ancestry]
   314 | D        | Reached XP level 3. HP: 15/32 MP: 3/3
   320 | D        | Reached skill level 5 in Fighting
   325 | D        | Mangled by a phantom

Vault maps used:
D:        linesprint

Skill      XL: |  1  2  3 |
---------------+----------+-----
Axes           | 3 4 |  4.9
Armour         | 2 |  2.5
Dodging        | 2 |  2.7
Fighting       | 4 5 |  5.0
Stealth        | |  0.3

Action                   || total
-------------------------++-------
Melee: Hand axe          ||    33
Invok: Berserk           ||     2
Armor: Animal skin       ||     5
Dodge: Dodged            ||    23

Table legend:
 A = Non-vault XP
 B = Vault XP
 C = Vault XP percentage of total XP
 D = Non-vault monster count
 E = Vault monster count
 F = Vault count percentage of total count
                 A         B        C        D         E       F
            +---------+---------+-------+---------+---------+-------
      Total |       0 |      66 | 100.0 |       0 |       9 | 100.0
            +---------+---------+-------+---------+---------+-------
          D |       0 |      66 | 100.0 |       0 |       9 | 100.0
            +---------+---------+-------+---------+---------+-------
